 Dungeon Crawl Stone Soup version 0.26.0-10-g1f06aea511 (webtiles) character file.

Game seed: 4802443129794098744

2592 septik the Cleaver (level 9, -6/80 HPs)
             Began as a Minotaur Berserker on Jan 29, 2021.
             Was an Elder of Trog.
             Killed from afar by Harold (20 damage)
             ... with a harpoon shot
             ... on level 8 of the Dungeon.
             The game lasted 00:13:35 (6320 turns).

septik the Cleaver (Minotaur Berserker)             Turns: 6320, Time: 00:13:38

Health: -6/80      AC: 20    Str: 25    XL:     9   Next: 33%
Magic:  8/8        EV: 12    Int: 10    God:    Trog [****..]
Gold:   255        SH:  0    Dex: 14    Spells: 8/8 levels left

rFire    . . .     SeeInvis .   B - +0 battleaxe
rCold    . . .     Faith    .   (shield currently unavailable)
rNeg     . . .     Spirit   .   C - +10 chain mail of Heurr {-Tele Dex+4 Slay+2}
rPois    .         Reflect  .   (helmet restricted)
rElec    .         Harm     .   (no cloak)
rCorr    .         Rampage  .   (no gloves)
Will     .....     NoTele   +   (no boots)
Stlth    ..........             G - amulet of magic regeneration
HPRegen  0.23/turn              A - +6 ring of intelligence
MPRegen  0.36/turn              (no ring)

@: marked, berserk cooldown, slowed, very slow
A: retaliatory headbutt, horns 2
a: Renounce Religion, Berserk, Trog's Hand, Brothers in Arms


You were on level 8 of the Dungeon.
You worshipped Trog.
Trog was greatly pleased with you.
You visited 1 branch of the dungeon, and saw 8 of its levels.
You also visited: Bailey.

You collected 343 gold pieces.
You spent 88 gold pieces at shops.

Inventory:

Hand Weapons
 a - a +1 hand axe
 j - a +0 war axe
 B - a +0 battleaxe (weapon)
Armour
 v - a +0 ring mail
 C - the +10 chain mail of Heurr (worn) {-Tele Dex+4 Slay+2}
   (You found it on level 5 of the Dungeon)

   It affects your dexterity (+4).
   It affects your accuracy and damage with ranged weapons and melee attacks
   (+2).
   It prevents most forms of teleportation.
Jewellery
 A - a +6 ring of intelligence (left hand)
 F - an uncursed ring of protection from cold {unknown}
 G - an amulet of magic regeneration (around neck)
Wands
 l - a wand of disintegration (7)
 t - a wand of flame (21)
 w - a wand of enslavement (8)
 E - a wand of iceblast (9)
Scrolls
 d - 4 scrolls of remove curse
 f - 8 scrolls of identify
 i - 2 scrolls of enchant armour
 k - 3 scrolls of fog
 o - 3 scrolls of enchant weapon
 r - 7 scrolls of teleportation
 s - 3 scrolls of random uselessness
 y - a scroll of blinking
 z - a scroll of brand weapon {unknown}
 D - a scroll of amnesia {unknown}
Potions
 b - 3 potions of flight {unknown}
 c - a potion of resistance {unknown}
 e - 3 potions of magic {unknown}
 g - 4 potions of heal wounds
 h - 2 potions of haste {unknown}
 m - 4 potions of might {unknown}
 n - a potion of attraction {unknown}
 p - 6 potions of curing
 q - a potion of berserk rage {unknown}
 u - a potion of brilliance {unknown}
 x - 2 potions of lignification {unknown}


   Skills:
 + Level 7.7 Fighting
 * Level 10.2 Axes
 + Level 7.2 Armour
 + Level 6.6 Dodging


You had 8 spell levels left.
You didn't know any spells.
Your spell library was empty.

Dungeon Overview and Level Annotations

Branches:
Dungeon (8/15)             Temple (0/1) D:6          Bailey (visited)
   Lair: D:8-11

Altars:
Ashenzari
Dithmenos
Elyvilon
Fedhas
Kikubaaqudgha
Nemelex Xobeh
Sif Muna
Uskayaw
Wu Jian
Yredelemnul
The Shining One

Shops:
D:4 !

Annotations:
D:6 exclusions: centaur and 11 more exclusions
D:8 Harold, Joseph


Innate Abilities, Weirdness & Mutations

You reflexively headbutt those who attack you in melee.
You have a pair of horns on your head.


Message History

You struggle against the net.
Joseph hits you but does no damage.
You struggle against the net.
Joseph hits you with a +0 quarterstaff.
Harold looks eager to get this over with.
Harold hits you from afar with a +0 halberd of protection!
Unknown command.
You struggle against the net.
Joseph hits you but does no damage.
Harold hits you from afar with a +0 halberd of protection!
Joseph barely misses you.
Unknown command.
You rip the net and break free!
Harold hits you from afar with a +0 halberd of protection.
Joseph barely misses you. You furiously retaliate!
You headbutt Joseph!
Harold hits you from afar with a +0 halberd of protection!
* * * LOW HITPOINT WARNING * * *
Joseph unwields a +0 quarterstaff.
Joseph wields a +0 hunting sling.
Joseph shoots a sling bullet.
The sling bullet hits you!
* * * LOW HITPOINT WARNING * * *
Harold fires a harpoon shot at you. The harpoon shot hits you!!
You die...

###.##..(().........#
#<#.##(.............#
+.......(...........+
#.##.####...........#
#.##..# #...........#
#.###.# #...........#
#.# .. #######.#####
+.. #.# ##(########
#+# .. #..@(.....#
..# #....@....#
#....@....#
#........[#
#...........
#...........
#...........
#..../......


You could see Harold and Joseph.

Vanquished Creatures
  Sigmund (D:4)
  Eustachio (D:4)
  Edmund (D:4)
  Menkaure (D:5)
  4 orc warriors
  An ice beast (D:3)
  A black bear (D:7)
  2 ogres (D:5)
  A phantom (D:4)
  A big kobold (D:8)
  3 bullfrogs
  2 scorpions
  4 killer bees (D:7)
  A quasit (D:7)
  2 hounds
  2 jellies
  A bullfrog skeleton (D:5)
  An orc priest (D:7)
  2 orc wizards (D:7)
  A centaur skeleton (D:5)
  Natasha (D:3)
  3 worker ants
  A hound zombie (D:5)
  4 gnolls (D:4)
  11 adders
  A shadow imp (D:5)
  3 white imps
  2 adder skeletons
  2 dart slugs
  6 leopard geckos
  9 orcs
  6 giant cockroaches
  15 goblins
  3 hobgoblins
  15 jackals
  3 quokkas
  8 bats
  6 frilled lizards
  19 kobolds
  3 leopard gecko skeletons
  A quokka zombie (D:7)
  4 rats
159 creatures vanquished.

Vanquished Creatures (collateral kills)
  2 killer bees (D:7)
  A leopard gecko (D:7)
  A jackal (D:7)
4 creatures vanquished.

Grand Total: 163 creatures vanquished

Notes
Turn   | Place    | Note
-------+----------+-------------------------------------------
     0 | D:1      | septik the Minotaur Berserker began the quest for the Orb.
     0 | D:1      | Reached XP level 1. HP: 19/19 MP: 0/0
   107 | D:1      | Reached XP level 2. HP: 22/27 MP: 1/1
   195 | D:1      | Reached skill level 4 in Axes
   648 | D:1      | Reached ** piety under Trog
   891 | D:2      | Reached XP level 3. HP: 25/33 MP: 2/2
  1057 | D:2      | Found a basalt altar of Yredelemnul.
  1793 | D:2      | Found a white marble altar of Elyvilon.
  1793 | D:2      | Found a shadowy altar of Dithmenos.
  1854 | D:2      | Reached XP level 4. HP: 32/40 MP: 3/3
  2164 | D:3      | Noticed an ice beast
  2173 | D:3      | Killed an ice beast
  2174 | D:3      | Reached skill level 5 in Axes
  2174 | D:3      | Reached XP level 5. HP: 47/47 MP: 4/4
  2295 | D:3      | Noticed Natasha
  2302 | D:3      | Killed Natasha
  2512 | D:3      | Found a blossoming altar of Fedhas.
  2791 | D:4      | Reached XP level 6. HP: 52/55 MP: 5/5
  2879 | D:4      | Noticed Eustachio
  2883 | D:4      | Killed Eustachio
  2883 | D:4      | Reached *** piety under Trog
  2884 | D:4      | Reached skill level 5 in Fighting
  2884 | D:4      | Reached skill level 6 in Axes
  2886 | D:4      | Noticed Edmund
  2969 | D:4      | Found a glowing golden altar of the Shining One.
  3003 | D:4      | Noticed Sigmund
  3009 | D:4      | Killed Sigmund
  3010 | D:4      | Reached XP level 7. HP: 61/61 MP: 6/6
  3074 | D:4      | Reached skill level 7 in Axes
  3374 | D:4      | Killed Edmund
  3375 | D:4      | Reached skill level 5 in Armour
  3428 | D:4      | Found Dody's Distillery.
  3505 | D:4      | Bought a potion of curing for 33 gold pieces
  3505 | D:4      | Bought a potion of heal wounds for 55 gold pieces
  3651 | D:5      | Entered Level 5 of the Dungeon
  3868 | D:5      | Reached skill level 8 in Axes
  3868 | D:5      | Reached skill level 5 in Dodging
  3868 | D:5      | Reached XP level 8. HP: 70/70 MP: 7/7
  4096 | D:5      | Noticed Menkaure
  4102 | D:5      | Killed Menkaure
  4444 | D:5      | Got a jewelled chain mail
  4455 | D:5      | Identified the +10 chain mail of Heurr {-Tele Dex+4 Slay+2}
                  | (You found it on level 5 of the Dungeon)
  4591 | D:6      | Found an ancient bone altar of Kikubaaqudgha.
  4606 | D:6      | Found a shimmering blue altar of Sif Muna.
  4660 | D:6      | Found a broken altar of Ashenzari.
  4792 | D:6      | Found a staircase to the Ecumenical Temple.
  5423 | D:7      | Reached skill level 9 in Axes
  5423 | D:7      | Reached **** piety under Trog
  5649 | D:7      | Reached XP level 9. HP: 77/79 MP: 8/8
  5712 | D:7      | Found a flagged portal.
  5718 | Bailey   | Entered a bailey
  5790 | Bailey   | Reached skill level 10 in Axes
  5799 | Bailey   | Found an iron altar of Okawaru.
  6087 | D:7      | Found a sparkling altar of Nemelex Xobeh.
  6186 | D:7      | Found an ornate altar of the Wu Jian Council.
  6294 | D:8      | Found a hide-covered altar of Uskayaw.
  6294 | D:8      | Found an ancient bone altar of Kikubaaqudgha.
  6300 | D:8      | Noticed Joseph
  6307 | D:8      | Noticed Harold
  6320 | D:8      | Killed from afar by Harold

Illustrated notes

Levels and vault maps discovered:
D:1:      lightli_arrival_flooded_house, layout_basic, serial_glass,
          glass_columns_b, glass_columns_b, minmay_tetromino_o4
D:2:      layout_loops_cross, general_overflow_altar,
          gammafunk_temple_overflow_elements
D:3:      layout_rooms, nicolae_overflow_hidden_temple, uniq_natasha
D:4:      layout_gridville, lemuel_round_altar, serial_shops, shop,
          uniq_eustachio, uniq_edmund, uniq_sigmund
D:5:      kennysheep_six_static_rooms, layout_rooms, uniq_menkaure
D:6:      layout_loops_ring, nicolae_overflow_crystal_walls, old_standard_altar,
          minmay_temple_entry_trees, basic_altar, centaur_isle
D:7:      layout_cave_pools, kennysheep_mini_moat,
          nemelex_xobeh_ov_fountains_minmay, enter_bailey_3,
          minmay_misc_feat_hallway
D:8:      layout_basic, chequers_temple_overflow_statue_of_worship, uniq_joseph,
          uniq_harold

Skill      XL: |  1  2  3  4  5  6  7  8  9 |
---------------+----------------------------+-----
Axes           | 4 5 6 8 9 10 | 10.2
Fighting       | 4 5 6 7 |  7.7
Armour         | 3 4 5 6 7 |  7.2
Dodging        | 3 4 5 6 |  6.6

Action                   |  1- 3 |  4- 6 |  7- 9 || total
-------------------------+-------+-------+-------++-------
Melee: Hand axe          |    96 |    48 |   184 ||   328
       Headbutt          |     7 |     7 |    42 ||    56
       Battleaxe         |       |       |    16 ||    16
Invok: Berserk           |     1 |     4 |     7 ||    12
       Trog's Hand       |       |       |     1 ||     1
  Use: Scroll            |       |       |    10 ||    10
Armor: Animal skin       |    14 |     6 |     5 ||    25
       Ring mail         |       |       |    14 ||    14
       Chain mail        |       |       |   105 ||   105
Dodge: Dodged            |    69 |    45 |   219 ||   333
